 Dungeon Sprint DCSS version 0.23-a0-171-g5ae17c6 (webtiles) character file.

33 Fang the Skirmisher (level 3, 0/26 HPs)
             Began as a Gargoyle Berserker on Sept 13, 2018.
             Was a Follower of Trog.
             Killed from afar by a raiju (7 damage)
             ... with a living lightning
             ... in the Dungeon (Sprint V: "Ziggurat Sprint").
             The game lasted 00:01:26 (94 turns).

Fang the Skirmisher (Gargoyle Berserker)              Turns: 94, Time: 00:01:27

Health: 0/26       AC: 19    Str: 33    XL:     3   Next: 29%
Magic:  3/3        EV:  9    Int:  7    God:    Trog [*.....]
Gold:   0          SH:  0    Dex:  9    Spells: 2/2 levels left

rFire    . . .     SeeInvis .   k - +5 executioner's axe
rCold    . . .     Gourm    .   (shield currently unavailable)
rNeg     + . .     Faith    .   j - +5 shadow dragon scales
rPois    ∞         Spirit   .   (no helmet)
rElec    +         Reflect  .   (no cloak)
rCorr    .         Harm     .   (no gloves)
MR       .....     NoTele   +   (no boots)
Stlth    ++........             (no amulet)
HPRegen  0.08/turn              D - +6 ring of strength
MPRegen  0.08/turn              E - +6 ring of strength

@: berserk cooldown, slowed, very slow
A: negative energy resistance 1, electricity resistance, unbreathing,
petrification resistance, rot immunity, AC +3
a: Berserk, Renounce Religion


You were in the Dungeon.
You worshipped Trog.
Trog was aware of your devotion.
You were not hungry.

You visited 1 branch

Inventory:

Hand Weapons
 k - a +5 executioner's axe (weapon)
Armour
 j - +5 shadow dragon scales (worn)
Jewellery
 D - a +6 ring of strength (left hand)
 E - a +6 ring of strength (right hand)
Wands
 w - a wand of disintegration (7)
 x - a wand of iceblast (7)
 y - a wand of acid (7)
Scrolls
 i - 4 scrolls of blinking
 l - 7 scrolls of fog
 m - a scroll of holy word
 n - 5 scrolls of identify
 o - 5 scrolls of remove curse
 p - 2 scrolls of fear
Potions
 d - 10 potions of curing
 e - 9 potions of heal wounds
 f - 6 potions of haste
 g - 7 potions of magic
 h - 3 potions of berserk rage
 q - 2 potions of brilliance
 r - 2 potions of invisibility
 s - 4 potions of resistance
 t - a potion of experience
 u - 5 potions of agility
 v - 5 potions of might
Comestibles
 c - 7 rations


   Skills:
 + Level 5.4 Fighting
 + Level 4.4 Axes
 + Level 3.2 Armour
 + Level 2.1 Dodging


You had 2 spell levels left.
You didn't know any spells.
Your spell library was empty.

Dungeon Overview and Level Annotations

Branches:
Dungeon (1/1)

Altars:
Ashenzari
Cheibriados
Dithmenos
Elyvilon
Fedhas
Gozag
Hepliaklqana
Kikubaaqudgha
Makhleb
Nemelex Xobeh
Okawaru
Qazlal
Ru
Sif Muna
Trog
Uskayaw
Vehumet
Wu Jian
Xom
Yredelemnul
Zin
The Shining One
Beogh
Jiyva
Lugonu

Annotations:
D 1 transporter


Innate Abilities, Weirdness & Mutations

You are resistant to torment.
Your stone body is resilient. (AC +3)
You are immune to poison.
You resist negative energy. (rN+)
You are resistant to electric shocks. (rElec)
You can survive without breathing.
You are immune to petrification.
You are immune to rotting.


Message History

The raiju bursts into living lightning!
The living lightning hits you! You resist.
The raiju blinks!
You closely miss the raiju.
The raiju is moderately wounded.
The raiju closely misses you. The raiju bites you but does no damage.
You barely miss the raiju.
The raiju is moderately wounded.
The raiju bites you. The raiju shocks you. You resist.
The raiju completely misses you. The raiju bites you but does no damage.
You miss the raiju.
The raiju is moderately wounded.
The raiju bites you. The raiju shocks you. You resist.
The raiju bursts into living lightning!
The living lightning hits you! You resist. The living lightning hits you!
You resist.
* * * LOW HITPOINT WARNING * * *
The raiju blinks! x2
The raiju bursts into living lightning!
The living lightning hits you! You resist.
You die...

▓▓▓▓▓▓▓
▓.8©8.▓
▓..h..▓
▓.?@[.▓
▓..§..▓
▓.....▓
▓..©..▓
▓▓▓▓▓▓▓


You could see a raiju.

Vanquished Creatures
  A quasit (D)
1 creature vanquished.

Notes
Turn   | Place    | Note
-------+----------+-------------------------------------------
     0 | D        | Found the +6 Majin-Bo {vamp, Archmagi MP+6 Int+6}
     0 | D        | Found the +7 great mace "Firestarter" {inner flame, rF++}
     0 | D        | Fang the Gargoyle Berserker began the quest for the Orb.
     0 | D        | Reached XP level 1. HP: 14/14 MP: 1/1
     3 | D        | Found a blossoming altar of Fedhas.
     4 | D        | Found a viscous altar of Jiyva.
     4 | D        | Found a hazy altar of Hepliaklqana.
     4 | D        | Found a transporter.
     4 | D        | Found an opulent altar of Gozag.
     4 | D        | Found an ancient bone altar of Kikubaaqudgha.
     4 | D        | Found a corrupted altar of Lugonu.
    19 | D        | Found a burning altar of Makhleb.
    20 | D        | Found a sacrificial altar of Ru.
    20 | D        | Found a stormy altar of Qazlal.
    20 | D        | Found a deep blue altar of Sif Muna.
    20 | D        | Found an iron altar of Okawaru.
    20 | D        | Found a bloodstained altar of Trog.
    20 | D        | Found a sparkling altar of Nemelex Xobeh.
    72 | D        | Entered arena 2.
    72 | D        | Noticed a raiju
    72 | D        | Noticed a quasit
    72 | D        | Found a transporter.
    80 | D        | Killed a quasit
    80 | D        | Reached skill level 5 in Fighting
    80 | D        | Reached XP level 2. HP: 16/21 MP: 2/2
    80 | D        | Reached XP level 3. HP: 21/26 MP: 3/3
    94 | D        | Killed from afar by a raiju

Vault maps used:
D:        sprint_v

Skill      XL: |  1 |
---------------+----+-----
Fighting       | 5 |  5.4
Axes           | 4 |  4.4
Armour         | 3 |  3.2
Dodging        | 2 |  2.1

Action                   || total
-------------------------++-------
Melee: Executioner's axe ||    16
Invok: Berserk           ||     1
  Use: Potion            ||     1
Armor: Shadow dragon sca ||    24
Dodge: Dodged            ||    20

Table legend:
 A = Non-vault XP
 B = Vault XP
 C = Vault XP percentage of total XP
 D = Non-vault monster count
 E = Vault monster count
 F = Vault count percentage of total count
                 A         B        C        D         E       F
            +---------+---------+-------+---------+---------+-------
      Total |       0 |      48 | 100.0 |       0 |       1 | 100.0
            +---------+---------+-------+---------+---------+-------
          D |       0 |      48 | 100.0 |       0 |       1 | 100.0
            +---------+---------+-------+---------+---------+-------
